 Dungeon Sprint DCSS version 0.26-a0-1184-g95e395e029 (webtiles) character file.

Game seed: 13282287472303731026

2833 rocky1 the Geomancer (level 9, 0/62 HPs)
             Began as a Demigod Earth Elementalist on Dec 28, 2020.
             Slain by a shadow wraith (8 damage)
             ... in the Dungeon (Sprint VII: "The Pits").
             The game lasted 00:06:17 (2162 turns).

rocky1 the Geomancer (Demigod Earth Elementalist)   Turns: 2162, Time: 00:06:18

Health: 0/62       AC: 14    Str: 11    XL:     9   Next: 22%
Magic:  16/26      EV: 13    Int: 25    God:
Gold:   0          SH:  0    Dex: 16    Spells: 13/26 levels left

rFire    . . .     SeeInvis .   p - +4 quarterstaff (chaos)
rCold    . . .     Faith    .   (shield currently unavailable)
rNeg     . . .     Spirit   .   w - +5 ring mail
rPois    .         Reflect  .   u - +0 helmet
rElec    .         Harm     .   q - +0 cloak (curse)
rCorr    .         Rampage  .   (no gloves)
Will     .....     NoTele   +   v - +0 pair of boots
Stlth    +.........             (no amulet)
HPRegen  0.20/turn              (no ring)
MPRegen  0.20/turn              (no ring)

@: slowed, very slow
A: high mp 1
a: no special abilities


You were in the Dungeon.
You visited 1 branch

Inventory:

Hand Weapons
 m - a +2 quarterstaff
 n - a +0 quarterstaff of speed
 p - a +4 quarterstaff of chaos (weapon)
 x - a +4 vorpal quarterstaff
 y - a +2 dire flail of protection
 z - a +2 vorpal war axe
 A - a +2 scimitar of flaming
Missiles
 b - 21 stones (quivered)
Armour
 c - a +0 robe
 o - a +3 scale mail
 q - a cursed +0 cloak (worn)
 u - a +0 helmet (worn)
 v - a +0 pair of boots (worn)
 w - a +5 ring mail (worn)
Jewellery
 r - a +3 ring of dexterity
 s - a +3 ring of protection
Scrolls
 i - a scroll of blinking
 j - 3 scrolls of remove curse
 k - 5 scrolls of amnesia
 l - a scroll of summoning
Potions
 a - 2 potions of invisibility
 d - 9 potions of curing
 e - 12 potions of heal wounds
 f - 2 potions of haste
 g - 4 potions of magic
 h - 3 potions of berserk rage
 t - 2 potions of brilliance


   Skills:
 + Level 5.0 Staves
 + Level 5.0 Armour
 + Level 5.4 Dodging
 - Level 1.7 Stealth
 + Level 9.0 Spellcasting
 - Level 0.8 Transmutations
 + Level 14.9 Earth Magic


You had 13 spell levels left.
You knew the following spells:

 Your Spells              Type           Power        Failure   Level
a - Sandblast             Erth           100%         1%          1
b - Stone Arrow           Conj/Erth      96%          1%          3
c - Lee's Rapid Deconstr  Erth           36%          1%          5
d - Petrify               Tmut/Erth      50%          4%          4

Your spell library contained the following spells:

 Spells                   Type           Power        Failure   Level
 Passwall                 Tmut/Erth      41%          1%          2


Dungeon Overview and Level Annotations

Branches:
Dungeon (1/1)


Innate Abilities, Weirdness & Mutations

You have an increased reservoir of magic. (+10% MP)


Message History

You feel as though you will be slow longer.
The guardian mummy hits you but does no damage.
You sock the guardian mummy! You burn the guardian mummy.
The guardian mummy is almost destroyed.
Something hits you but does no damage. The guardian mummy hits you.
You barely miss the guardian mummy.
The guardian mummy is almost destroyed.
Something hits you!
The guardian mummy hits you but does no damage.
Something completely misses you.
You thump the guardian mummy! You burn the guardian mummy.
You destroy the guardian mummy!
You feel extremely nervous for a moment...
You feel numb. Something hits you but does no damage. Something hits you!!
* * * LOW HITPOINT WARNING * * *
Your Staves skill increases to level 5!
Your Armour skill increases to level 5!
Your Spellcasting skill increases to level 9!
You start resting.
Something hits you but does no damage.
You start resting.
Something hits you but does no damage. Something hits you!
You die...

#))##.......##''#####
#.)##.......##......#
#..##.......##.÷....#
#'###...<...###)...##
...##.......# ##''##
...##.......###....##
#####.......##......#
#.) ##########......+
#.############..@...#
#.#....#....###.†..##
#†#....#..[.# ##†'##
#.'...)'...)# †...#
#'#....#....# ......#
'.#....#...)##......#
#####################


There were no monsters in sight!

Vanquished Creatures
  A death yak (D)
  An orc sorcerer (D)
  A guardian mummy (D)
  A red devil (D)
  A freezing wraith (D)
  A wyvern (D)
  A fire bat (D)
  4 vampire mosquitoes (D)
  A water moccasin (D)
  A wolf (D)
  2 iron imps (D)
  Crazy Yiuf (D)
  A gnoll (D)
  An adder (D)
  A river rat (D)
  2 white imps (D)
  An ooze (D)
  A leopard gecko (D)
  An orc (D)
  2 ball pythons (D)
  2 bat skeletons (D)
  2 jackals (D)
  A frilled lizard (D)
  A kobold (D)
  2 rats (D)
34 creatures vanquished.

Notes
Turn   | Place    | Note
-------+----------+-------------------------------------------
     0 | D        | rocky1 the Demigod Earth Elementalist began the quest for
                  | the Orb.
     0 | D        | Reached XP level 1. HP: 14/14 MP: 5/5
    18 | D        | Reached skill level 3 in Earth Magic
   183 | D        | Reached skill level 4 in Earth Magic
   191 | D        | Reached skill level 5 in Earth Magic
   191 | D        | Reached XP level 2. HP: 9/20 MP: 0/7
   624 | D        | Reached skill level 6 in Earth Magic
   624 | D        | Reached XP level 3. HP: 26/26 MP: 5/8
   939 | D        | Reached skill level 7 in Earth Magic
  1233 | D        | Reached skill level 8 in Earth Magic
  1237 | D        | Noticed a wolf
  1239 | D        | Noticed Crazy Yiuf
  1244 | D        | Killed a wolf
  1245 | D        | Reached skill level 10 in Earth Magic
  1245 | D        | Reached XP level 4. HP: 26/33 MP: 6/9
  1246 | D        | Killed Crazy Yiuf
  1247 | D        | Reached XP level 5. HP: 30/38 MP: 4/10
  1339 | D        | Learned a level 5 spell: Lee's Rapid Deconstruction
  1340 | D        | Noticed a fire bat
  1342 | D        | Killed a fire bat
  1343 | D        | Reached skill level 12 in Earth Magic
  1343 | D        | Reached XP level 6. HP: 45/45 MP: 0/11
  1534 | D        | Noticed a wyvern
  1537 | D        | Killed a wyvern
  1738 | D        | Noticed a water moccasin
  1738 | D        | Noticed an orc sorcerer
  1738 | D        | Noticed a freezing wraith
  1739 | D        | Killed an orc sorcerer
  1740 | D        | Reached skill level 13 in Earth Magic
  1740 | D        | Reached XP level 7. HP: 50/50 MP: 10/20
  1747 | D        | Killed a freezing wraith
  1748 | D        | Reached skill level 14 in Earth Magic
  1748 | D        | Reached XP level 8. HP: 39/57 MP: 1/23
  1882 | D        | Learned a level 3 spell: Stone Arrow
  1887 | D        | Learned a level 4 spell: Petrify
  1930 | D        | Noticed a red devil
  1930 | D        | Noticed a death yak
  1934 | D        | Killed a red devil
  1935 | D        | Reached skill level 1 in Staves
  1935 | D        | Reached skill level 1 in Armour
  1940 | D        | Killed a death yak
  2151 | D        | Noticed a guardian mummy
  2154 | D        | Reached XP level 9. HP: 62/62 MP: 19/25
  2155 | D        | Reached skill level 5 in Dodging
  2160 | D        | Killed a guardian mummy
  2161 | D        | Reached skill level 5 in Staves
  2161 | D        | Reached skill level 5 in Armour
  2162 | D        | Slain by a shadow wraith

Illustrated notes

Levels and vault maps discovered:
D:        pitsprint [storerooms_1, entrance_room_1, metal_vault_2, armoury_1,
          mini_pit_1, grid_room_1, main_hall_1, silver_pit, the_coven_3,
          the_vestibule_1, steel_vault_4, golden_pit, hallway_of_sentries,
          crystal_vault_1, iron_vault_4, final_vault]

Skill      XL: |  1  2  3  4  5  6  7  8  9 |
---------------+----------------------------+-----
Earth Magic    | 5 6 10 12 13 14 | 14.9
Spellcasting   | 6 7 8 9 |  9.0
Staves         | 4 5 |  5.0
Armour         | 4 5 |  5.0
Dodging        | 4 5 |  5.4
Stealth        | |  1.7
Transmutations | |  0.8

Action                   |  1- 3 |  4- 6 |  7- 9 || total
-------------------------+-------+-------+-------++-------
Melee: Quarterstaff      |    27 |     3 |    14 ||    44
       Unarmed           |     3 |       |       ||     3
 Cast: Sandblast         |    16 |     3 |       ||    19
       Lee's Rapid Decon |       |     5 |     8 ||    13
  Use: Potion            |     1 |       |       ||     1
Armor: Robe              |     5 |       |       ||     5
       Ring mail         |       |       |     9 ||     9
Dodge: Dodged            |    23 |     5 |    10 ||    38

Table legend: (Time is in decaauts)
 A = Elapsed time spent in this place.
 B = Non-inter-level travel time spent in this place.
 C = Inter-level travel time spent in this place.
 D = Time resting spent in this place.
 E = Time spent auto-exploring this place.
 F = Levels seen in this place.
 G = Mean time per level.
                   A        B        C        D        E       F      G
               +--------+--------+--------+--------+--------+-----+--------+
         Total |   2187 |   2187 |      0 |   1714 |      0 |   1 | 2187.0 |
       Dungeon |   2187 |   2187 |      0 |   1714 |      0 |   1 | 2187.0 |
               +--------+--------+--------+--------+--------+-----+--------+

Top non-repeatable levels by time:
       D: 2187 daAuts
